 Dungeon Crawl Stone Soup version 0.28-a0-1087-gf3fc490d9d (webtiles) character file.

Game seed: 12864894347162053748

620 ytrimaz the Insei (level 7, 0/54 HPs)
             Began as an Octopode Transmuter on Dec 10, 2021.
             Was an Initiate of Ashenzari.
             Killed from afar by a steam dragon (38 damage)
             ... with a ball of steam
             ... on level 6 of the Dungeon.
             The game lasted 00:07:43 (6910 turns).

ytrimaz the Insei (Octopode Transmuter)             Turns: 6910, Time: 00:07:43

Health: 0/54       AC:  6    Str:  9    XL:     7   Next: 46%
Magic:  0/13       EV: 10    Int: 17    God:    Ashenzari [......]
Gold:   1044       SH:  0    Dex: 13    Spells: 4/14 levels left

rFire   x . .      SeeInvis .     - Unarmed
rCold   + + +      Faith    .   (shield currently unavailable)
rNeg    . . .      Spirit   +   (helmet currently unavailable)
rPois   +          Reflect  .   e - amulet of guardian spirit
rElec   .          Harm     .   a - ring of flight
rCorr   .          Rampage  .   (no ring)
Will    .....                   (no ring)
Stlth   +.........              (no ring)
HPRegen 0.18/turn               (no ring)
MPRegen 0.13/turn               (no ring)
                                (no ring)
                                (no ring)

@: ice-form, flying, very slightly contaminated
A: freezing attack, boosted hp, almost no armour, amphibious, 8 rings, large,
(camouflage 1), (gelatinous body 1), (nimble swimmer 1), (tentacles)
a: End Transformation, Renounce Religion, Curse Item


You were on level 6 of the Dungeon.
You worshipped Ashenzari.
Ashenzari was noncommittal.
You were a creature of crystalline ice.
You visited 2 branches of the dungeon, and saw 7 of its levels.

You collected 1352 gold pieces.
You spent 308 gold pieces at shops.

Inventory:

Missiles
 h - a throwing net
Jewellery
 a - a ring of flight (left front paw)
 e - an amulet of guardian spirit (around neck)
Wands
 c - a wand of iceblast (14)
Scrolls
 g - a scroll of vulnerability
 k - a scroll of magic mapping
 l - a scroll of amnesia {unknown}
Potions
 b - 3 potions of haste
 d - 2 potions of resistance
 f - a potion of ambrosia {unknown}
 i - a potion of curing {unknown}
 j - a potion of heal wounds {unknown}


   Skills:
 * Level 2.9 Fighting
 - Level 2.0 Dodging
 + Level 5.4 Unarmed Combat
 * Level 4.0 Spellcasting
 * Level 3.6 Transmutations
 * Level 2.8 Poison Magic
 + Level 0.1 Evocations


You had 4 spell levels left.
You knew the following spells:

 Your Spells              Type           Power      Damage    Failure   Level
a - Beastly Appendage     Tmut           30%        N/A       3%          1
b - Wereblood             Tmut           15%        N/A       5%          2
c - Spider Form           Tmut/Pois      14%        N/A       13%         3
d - Ice Form              Ice/Tmut       9%         N/A       58%         4

Your spell library contained the following spells:

 Spells                   Type           Power      Damage    Failure   Level
 Poisonous Vapours        Pois/Air       16%        N/A       13%         2
 Animate Skeleton         Necr           6%         N/A       16%         1
 Pain                     Necr           12%        1d4       16%         1
 Corpse Rot               Necr/Air       6%         N/A       24%         2
 Inner Flame              Hex/Fire       3%         N/A       43%         3
 Vampiric Draining        Necr           3%         2d6       43%         3
 Cause Fear               Hex            1%         N/A       83%         4
 Discord                  Hex            1%         N/A       100%        8


Dungeon Overview and Level Annotations

Branches:
Dungeon (6/15)             Temple (1/1) D:4

Altars:
Ashenzari
Cheibriados
Dithmenos
Elyvilon
Gozag
Hepliaklqana
Kikubaaqudgha
Makhleb
Nemelex Xobeh
Okawaru
Qazlal
Ru
Sif Muna
Trog
Uskayaw
Vehumet
Xom
Yredelemnul
Zin
The Shining One

Shops:
D:4 *


Innate Abilities, Weirdness & Mutations

You are a creature of crystalline ice.
You have a powerful freezing melee attack.
Your maximum health is increased.
Your armour is entirely melded.
You are incapable of wielding weapons or throwing items.
You cannot wear most types of armour.
You are amphibious.
You can wear up to eight rings at the same time.
((Your skin changes colour to match your surroundings (Stealth+).))
((Your rubbery body absorbs attacks. (AC +1, EV +1)))
((You are camouflaged near water. (Stealth+)))
((You have tentacles for arms and can constrict up to eight enemies at once.))


Message History

Done exploring.
Done exploring.
There is a stone staircase leading down here.
You fly downwards.
There is a stone staircase leading up here.
Unknown command.
You reach down and open the door.
There is an open door here.
l - a scroll labelled XESHRI BARGHAODOCS You reach down and open the door.
There is an open door here.
You reach down and open the door.
A steam dragon comes into view.
Found a book of the Tundra.
A steam dragon is nearby!
A steam dragon is nearby!
A steam dragon is nearby!
Which direction?
You reach down and close the door.
Okay, then.
Casting: Spider Form (dangerous; 13% risk of failure)
Confirm with . or Enter, or press ? or * to list all spells.
The spell is extremely dangerous to miscast (58% risk of failure)!
Continue anyway?
You miscast Ice Form.
You are very lightly contaminated with residual magic.
Frost covers your body!
Unknown command.
Casting: Ice Form (extremely dangerous; 58% risk of failure)
Confirm with . or Enter, or press ? or * to list all spells.
The spell is extremely dangerous to miscast (58% risk of failure)!
Continue anyway?
You turn into a creature of crystalline ice.
You reach down and open the door.
The steam dragon hisses angrily.
There is an open door here.
You hit the steam dragon. You freeze the steam dragon.
The steam dragon is lightly wounded.
The steam dragon breathes steam at you. The ball of steam hits you!!!
The steam scalds you terribly!
Ouch! That really hurt!
You die...

#.#.# ############
#.#.#
#########...........
#.#.#
#.......'...........
#.#.#
#.#######...........
#.#.# #.#
##'########.
#.#.###.# #.#
#.#.....#
######'#####
......###
#..........# ......#
#.....Y....# ......#
#.....D....# ......#
#..........# #+#####
#..........#
#....:.....#
#..........#
#..........#
#..........#


You could see a steam dragon (catching breath).

Vanquished Creatures
  A necrophage (D:5)
  An ogre (D:5)
  A phantom (D:5)
  2 scorpions (D:4)
  A howler monkey (D:5)
  A bullfrog zombie (D:4)
  A jelly (D:5)
  An iguana (D:5)
  A howler monkey skeleton (D:5)
  3 adders
  2 worms (D:3)
  A dart slug (D:3)
  9 orcs
  10 ball pythons
  3 bats
  7 endoplasms
  A giant cockroach (D:1)
  6 goblins
  2 hobgoblins
  4 jackals (D:3)
  5 kobolds
  4 quokkas
  3 frilled lizards
  6 rats
76 creatures vanquished.

Notes
Turn   | Place    | Note
-------+----------+-------------------------------------------
     0 | D:1      | ytrimaz the Octopode Transmuter began the quest for the
                  | Orb.
     0 | D:1      | Reached XP level 1. HP: 13/13 MP: 3/3
    83 | D:1      | Reached XP level 2. HP: 12/18 MP: 5/5
   287 | D:1      | Found a faded altar of an unknown god.
   753 | D:1      | Reached XP level 3. HP: 23/23 MP: 4/6
   756 | D:1      | Learned a level 2 spell: Wereblood
   760 | D:1      | Learned a level 3 spell: Spider Form
  2634 | D:3      | Reached XP level 4. HP: 26/29 MP: 5/7
  2789 | D:3      | Reached skill level 1 in Poison Magic
  3598 | D:4      | HP: 1/29 [bullfrog zombie (5)]
  3603 | D:4      | Reached XP level 5. HP: 1/34 MP: 0/9
  3952 | D:4      | Reached skill level 4 in Unarmed Combat
  4294 | D:4      | Reached XP level 6. HP: 35/41 MP: 6/10
  4338 | D:4      | Identified a scroll of acquirement
  4338 | D:4      | Acquired 1190 gold pieces
  4361 | D:4      | Found a staircase to the Ecumenical Temple.
  4375 | Temple   | Entered the Ecumenical Temple
  4689 | Temple   | Became a worshipper of Ashenzari the Shackled
  5230 | D:4      | Found Xitt's Gadget Gallery.
  5243 | D:4      | Bought a wand of iceblast (4) for 88 gold pieces
  5243 | D:4      | Bought a wand of iceblast (7) for 121 gold pieces
  5243 | D:4      | Bought a wand of iceblast (5) for 99 gold pieces
  5302 | D:4      | Learned a level 4 spell: Ice Form
  5363 | D:5      | Entered Level 5 of the Dungeon
  5885 | D:5      | Noticed a necrophage
  5899 | D:5      | Killed a necrophage
  5900 | D:5      | Reached skill level 5 in Unarmed Combat
  5900 | D:5      | Reached XP level 7. HP: 32/45 MP: 8/12
  6019 | D:5      | Found a glowing golden altar of the Shining One.
  6028 | D:5      | Found a bloodstained altar of Trog.
  6902 | D:6      | Noticed a steam dragon
  6910 | D:6      | Killed from afar by a steam dragon

Illustrated notes

Levels and vault maps discovered:
D:1:      tarquinn_simple_flora_water_a, layout_basic,
          ebering_ecumenical_altar_hall, minmay_misc_feat_tower
D:2:      layout_rooms, minmay_misc_feat_chi, minmay_misc_feat_rugged
D:3:      layout_loops_corners, grunt_ministairs_4
D:4:      layout_basic, minmay_temple_entry_ruins, nicolae_shop_gadgets
D:5:      layout_loops_ring, mainiacjoe_overflow_swirl,
          chequers_serial_rivers_micro_a
D:6:      layout_basic
Temple:   dpeg_five_rooms_temple

Skill      XL: |  1  2  3  4  5  6  7 |
---------------+----------------------+-----
Poison Magic   | 1 2 |  2.8
Fighting       | 2 |  2.9
Unarmed Combat | 4 5 |  5.4
Spellcasting   | 3 4 |  4.0
Transmutations | 3 |  3.6
Dodging        | |  2.0
Evocations     | |  0.1

Action                   |  1- 3 |  4- 6 |  7- 9 || total
-------------------------+-------+-------+-------++-------
Melee: Unarmed           |    93 |    92 |    27 ||   212
       Constrict         |    24 |    14 |     3 ||    41
       Tentacles         |     9 |    10 |     2 ||    21
       Kick              |     7 |     3 |       ||    10
       Battleaxe         |     7 |       |       ||     7
       Punch             |     1 |     1 |       ||     2
 Cast: Beastly Appendage |    18 |     7 |       ||    25
       Spider Form       |       |     4 |     2 ||     6
       Wereblood         |       |     1 |       ||     1
       Ice Form          |       |       |     1 ||     1
Evoke: Wand              |       |     1 |     1 ||     2
  Use: Scroll            |     4 |     4 |       ||     8
       Potion            |       |     4 |       ||     4
 Stab: Sleeping          |    12 |     2 |     1 ||    15
Armor: Skin              |     5 |     6 |     1 ||    12
Dodge: Dodged            |    51 |    70 |    14 ||   135

Table legend: (Time is in decaauts)
 A = Elapsed time spent in this place.
 B = Non-inter-level travel time spent in this place.
 C = Inter-level travel time spent in this place.
 D = Time resting spent in this place.
 E = Time spent auto-exploring this place.
 F = Levels seen in this place.
 G = Mean time per level.
                   A        B        C        D        E       F      G
               +--------+--------+--------+--------+--------+-----+--------+
         Total |   6898 |   6660 |    238 |    648 |   5238 |   7 |  985.4 |
       Dungeon |   6529 |   6397 |    132 |    648 |   4990 |   6 | 1088.2 |
        Temple |    369 |    263 |    106 |      0 |    248 |   1 |  369.0 |
               +--------+--------+--------+--------+--------+-----+--------+

Top non-repeatable levels by time:
     D:3: 1652 daAuts
     D:5: 1493 daAuts
     D:4: 1481 daAuts
     D:2: 995 daAuts
     D:1: 860 daAuts
  Temple: 369 daAuts
     D:6: 46 daAuts
